 Dungeon Crawl Stone Soup version 0.31.0-12-g77e489cdc1 (webtiles) character file.

Game seed: 16225842378125049506

6 Goblin1989 the Sneak (level 1, 0/18 HPs)
             Began as a Demonspawn Delver on Feb 17, 2024.
             Slain by an orc
             ... wielding a +0 flail
              (6 damage)
             ... on level 5 of the Dungeon.
             The game lasted 00:03:00 (326 turns).

Goblin1989 the Sneak (Demonspawn Delver)             Turns: 326, Time: 00:03:01

Health: 0/18       AC:  3    Str: 12    XL:     1   Next: 75%
Magic:  1/1        EV: 11    Int: 10    God:
Gold:   39         SH:  0    Dex: 14    Spells: 0/0 levels left

rFire   . . .        i - +0 quarterstaff
rCold   . . .        (shield currently unavailable)
rNeg    . . .        b - +0 leather armour
rPois   .            (no helmet)
rElec   .            (no cloak)
rCorr   .            (no gloves)
SInv    .            (no boots)
Will    .....        (no amulet)
Stlth   ++           (no ring)
HPRegen 0.23/turn    (no ring)
MPRegen 0.07/turn

%: no passive effects
@: no status effects
A: no striking features
a: no special abilities


You were on level 5 of the Dungeon.
You visited 1 branch of the dungeon, and saw 1 of its levels.

You collected 39 gold pieces.

Inventory:

Hand Weapons
 a - a +0 mace
 i - a +0 quarterstaff (weapon)
 k - the +3 sling "Puseisae" {flame, *Slow Int+5 Dex+8}
   (You found it on level 5 of the Dungeon)

   Int+5:     It affects your intelligence (+5).
   Dex+8:     It affects your dexterity (+8).
   *Slow:     It may slow you when you take damage.
Missiles
 h - 3 javelins (quivered) {@Q3}
Armour
 b - a +0 leather armour (worn)
Wands
 g - a wand of digging (3) {@v3}
Scrolls
 c - a scroll of fog
 d - a scroll of revelation
 j - a scroll of enchant weapon {unknown}
Potions
 f - a potion of haste {@q3,}


   Skills:
 - Level 3.0 Fighting
 - Level 1.7(2.0) Maces & Flails
 + Level 1.2(1.7) Staves
 - Level 1.7 Dodging
 - Level 4.5 Stealth


You couldn't memorise any spells.
You didn't know any spells.
Your spell library contained the following spells:

 Spells                   Type           Power      Damage    Failure   Level
 Slow                     Hex            0%         N/A       43%         1
 Confusing Touch          Hex            0%         N/A       82%         3
 Sigil of Binding         Hex            0%         N/A       82%         3
 Vampiric Draining        Necr           0%         2d6       82%         3


Dungeon Overview and Level Annotations

Branches:
Dungeon (5/15) Zot: 5671
 Temple: D:4-7

Altars:


Message History

The jackal barely misses you.
The jackal bites you but does no damage.
Health restored: 18 You sock the jackal!
You kill the jackal!
The jackal bites you but does no damage.
The jackal misses you. The jackal bites you. The jackal barely misses you.
You take 2 damage, and have 16/18 hp.
You hit the jackal but do no damage. The jackal bites you.
The jackal closely misses you. x2; The jackal barely misses you.
You take 3 damage, and have 13/18 hp.
You hit the jackal.
The jackal is heavily wounded.
The jackal bites you. x2; The jackal barely misses you. x2
You take 3 damage, and have 10/18 hp.
You completely miss the jackal.
The jackal is heavily wounded.
The jackal bites you. x2
* * * LOW HITPOINT WARNING * * *
The jackal bites you.
* * * LOW HITPOINT WARNING * * *
You take 4 damage, and have 6/18 hp.
MASSIVE DAMAGE!!
You sock the jackal!
You kill the jackal!
The jackal bites you but does no damage.
You hit the jackal.
You kill the jackal!
Your Staves skill increases to level 1!
Unknown command.
k - the +3 sling "Puseisae" {flame, *Slow Int+5 Dex+8} You start resting.
HP restored.
Health restored: 18
Okay, then.
You feel clever.
You feel agile.
The +3 sling "Puseisae" {flame, *Slow Int+5 Dex+8} bursts into flame!
k - the +3 sling "Puseisae" (weapon)
{flame, *Slow Int+5 Dex+8} The +3 sling "Puseisae" {flame, *Slow Int+5 Dex+8} stops flaming.
a - a +0 mace (weapon)
i - a +0 quarterstaff (weapon)
You open the door.
There is an open door here.
You open the door.
Found a stone staircase leading down.
There is an open door here.
You open the door. 4 orcs come into view.
An orc is wielding a +0 whip of pain.
An orc is wielding a +0 flail and wearing a +2 leather armour of cold resistance.
The orc shouts! x2
An ogre comes into view. It is wielding a +0 giant club.
Found 12 gold pieces.
The ogre shouts!
You hit the orc.
The orc is lightly wounded.
You hear a shout!
An orc comes into view. It is wielding a +0 dagger.
Unknown command.
The orc attacks as it pursues you! The orc barely misses you.
The orc attacks as it pursues you!
The orc hits you with a +0 whip of pain.
There is an open door here.
You take 1 damage, and have 17/18 hp.
Health restored: 18
There is an open door here.
The orc hits you but does no damage.
You writhe in agony.
You take 1 damage, and have 17/18 hp.
You barely miss the orc. The orc barely misses you.
The orc hits you with a +0 whip of pain.
You take 3 damage, and have 14/18 hp.
There is an open door here.
You thump the orc!
You kill the orc!
As you read the scroll of fear, it crumbles to dust.
You assume a fearsome visage.
The ogre looks frightened!
The orc looks frightened! x4
You see here a +0 whip of pain.
The orc pleads, "Please don't kill me!"
The ogre starts to cry.
There is an open door here.
The ogre gives up.
You see here a +0 whip of pain.
Cornered, the orc turns to fight!
There is an open door here.
You open the door.
There is an open door here.
Health restored: 18 The orc closely misses you.
You closely miss the orc. The orc hits you with a +0 flail. x2
You take 8 damage, and have 10/18 hp.
MASSIVE DAMAGE!!
You hit the orc but do no damage. The orc hits you with a +0 flail.
* * * LOW HITPOINT WARNING * * *
You take 3 damage, and have 7/18 hp.
You barely miss the orc. The orc hits you with a +0 flail.
* * * LOW HITPOINT WARNING * * *
You take 1 damage, and have 6/18 hp.
You barely miss the orc. The orc misses you.
You barely miss the orc. The orc hits you with a +0 flail.
* * * LOW HITPOINT WARNING * * *
The orc hits you with a +0 flail.
You die... ..█.█ ..█. ... ██████▲██.█ █.........█ █.........█ █.........██████ █████████████∆██....... ███████

█....o@....██.█████████
......█ █.████.....██.█
......█ █.█ █........█
......█ █.█ █........█
......█


█o█ █........█ ......█ █.███████.....██ ......█ █...o..........█ ......█
██████████████.█ .....██ █.█ You could see an orc.

Vanquished Creatures
  An orc (D:5)
  3 jackals (D:5)
4 creatures vanquished.

Notes
Turn   | Place    | Note
-------+----------+-------------------------------------------
     0 | D:5      | Goblin1989 the Demonspawn Delver began the quest for the
                  | Orb.
     0 | D:5      | Reached XP level 1. HP: 18/18 MP: 1/1
   146 | D:5      | Noticed an iguana
   172 | D:5      | Reached skill level 1 in Staves
   175 | D:5      | Identified the +3 sling "Puseisae" {flame, *Slow Int+5
                  | Dex+8}
   238 | D:5      | Noticed an ogre
   326 | D:5      | Slain by an orc

Illustrated notes

Levels and vault maps discovered:
D:5:      layout_basic

Skill      XL: |  1 |
---------------+----+-----
Staves         | 1 |  1.2
Fighting       | |  3.0
Maces & Flails | |  1.7
Dodging        | |  1.7
Stealth        | |  4.5

Action                     || total
---------------------------++-------
  Melee: Quarterstaff      ||    16
    Use: Scroll            ||     1
 Armour: Leather armour    ||    21
  Dodge: Dodged            ||    14
